 Dungeon Crawl Stone Soup version 0.30-a0-219-gf2db51d15e (webtiles) character file.

Game seed: 1172401058012528260

52440 jimonade the Eclecticist (level 15, -2/109 HPs)
             Began as a Djinni Fire Elementalist on Oct 6, 2022.
             Was a Believer of Ashenzari.
             Slain by a two-headed ogre
             ... wielding a +0 giant club
              (8 damage)
             ... on level 2 of the Orcish Mines.
             The game lasted 01:25:27 (24545 turns).

jimonade the Eclecticist (DjFE)                    Turns: 24545, Time: 01:25:28

Health: -2/109     AC: 18    Str:  9    XL:     15   Next: 6%
Gold:   1815       EV: 14    Int: 24    God:    Ashenzari [**....] SH:  9 Dex: 15

rFire   + + +      SeeInvis +    a - +1 short sword (venom)
rCold   x . .      Faith    .    v - +0 kite shield
rNeg    . . .      Spirit   .    J - +3 troll leather armour
rPois   ∞          Reflect  .    i - +2 helmet of Ashenzari's Orthodoxy {Int+3, Melee, Self} (curse)
rElec   .          Harm     .    t - scarf of the Cursed Seer {repulsion, Self, Cun} (curse)
rCorr   .          Rampage  .    U - +1 pair of gloves "Share My Repose" {Stlth+, Fort, Self} (curse)
Will    +....                    (boots unavailable)
Stlth   +++.......               (no amulet)
HPRegen 1.18/turn                l - ring of protection from fire
MPRegen 0.00/turn                T - +4 ring of protection

@: flying, repel missiles
A: sickness immunity, fire resistance 2, cold vulnerability 1, float, innate
caster, HP casting, extra vitality 1
a: Renounce Religion, Curse Item, Shatter the Chains


You were on level 2 of the Orcish Mines.
You worshipped Ashenzari.
Ashenzari was pleased with you.
You visited 4 branches of the dungeon, and saw 19 of its levels.
You also visited: Sewer.

You collected 1815 gold pieces.

Inventory:

Hand Weapons
 a - a +1 short sword of venom (weapon)
 e - a +0 triple sword
Missiles
 j - 87 poisoned darts
 C - 2 throwing nets
Armour
 d - a +2 cloak
 i - the cursed +2 helmet of Ashenzari's Orthodoxy (worn) {Int+3, Melee, Self}
   (You found it on level 5 of the Lair of Beasts)

   It has a curse which improves the following skills: Melee Combat: Short
   Blades, Long Blades, Axes, Maces & Flails, Polearms, Staves and Unarmed
   Combat.
   Introspection: Fighting and Spellcasting.
 s - a +1 ring mail of cold resistance
 t - the cursed scarf of the Cursed Seer (worn) {repulsion, Self, Cun}
   (You found it on level 3 of the Dungeon)

   It has a curse which improves the following skills: Introspection: Fighting
   and Spellcasting.
   Cunning:   Dodging and Stealth.
 v - a +0 kite shield (worn)
 J - a +3 troll leather armour (worn)
 U - the cursed +1 pair of gloves "Share My Repose" (worn) {Stlth+, Fort, Self}
   (You found it on level 6 of the Dungeon)

   It has a curse which improves the following skills: Fortitude: Armour and
   Shields.
   Introspection: Fighting and Spellcasting.
 Z - the +6 ring mail of Sin {Int+5}
   (You found it on level 2 of the Lair of Beasts)

   Int:       It affects your intelligence (+5).
Jewellery
 k - a ring of protection from fire
 l - a ring of protection from fire (left hand)
 D - a ring of positive energy
 F - the ring of Xom's Whimsicality {rC+ rCorr Dex+4}
   (You found it on level 11 of the Dungeon)

   [ring of resist corrosion]

   Dex:       It affects your dexterity (+4).
   rC:        It protects you from cold.
   rCorr:     It protects you from acid and corrosion.
 R - a ring of fire
 T - a +4 ring of protection (right hand)
 V - a ring of protection from fire
 X - a ring of resist corrosion
Wands
 q - a wand of flame (17)
 x - a wand of light (18)
 y - a wand of mindburst (6)
 B - a wand of roots (29)
 G - a wand of polymorph (12)
 Q - a wand of paralysis (22)
Scrolls
 c - 4 scrolls of amnesia
 f - 18 scrolls of identify
 h - 6 scrolls of vulnerability
 m - 9 scrolls of butterflies
 o - 8 scrolls of teleportation
 r - 2 scrolls of poison
 z - 7 scrolls of blinking
 A - 2 scrolls of silence
 E - a scroll of enchant armour
 H - 3 scrolls of torment
 M - 4 scrolls of magic mapping
 W - 2 scrolls of enchant weapon
 Y - 5 scrolls of fear
Potions
 g - 6 potions of curing
 n - 3 potions of attraction
 p - a potion of brilliance
 u - 5 potions of invisibility
 w - 2 potions of might
 I - 3 potions of lignification
 K - 8 potions of heal wounds
 L - 4 potions of haste
 O - 2 potions of cancellation
 S - 4 potions of berserk rage
Miscellaneous
 b - a tin of tremorstones (2/2)


   Skills:
 + Level 8.3(10.8) Fighting
 + Level 8.3(9.5) Armour
 + Level 8.4(9.7) Dodging
 - Level 1.5(2.4) Stealth
 * Level 2.2(3.2) Shields
 + Level 16.4(18.7) Spellcasting


You had 13 spell levels left.
You knew the following spells:

 Your Spells              Type           Power      Damage    Failure   Level
a - Foxfire               Conj/Fire      100%       2x1d9     0%          1
b - Scorch                Fire           100%       2d10      0%          2
c - Kindle Blastsparks    Fire/Tloc/Air  100%       2d18      0%          3
d - Inner Flame           Hex/Fire       85%        N/A       0%          3
e - Flame Wave            Conj/Fire      85%        2d18      1%          4
f - Freeze                Ice            100%       1d11      0%          1
g - Passwall              Tmut/Erth      70%        N/A       0%          2
h - Frozen Ramparts       Ice            100%       1d16      0%          3
i - Summon Lightning Spi  Summ/Air       85%        N/A       1%          4
j - Animate Armour        Summ/Erth      100%       N/A       1%          4
k - Iskenderun's Battles  Conj           85%        2d13      1%          5
l - Simulacrum            Ice/Necr       42%        N/A       1%          6
Your spell library was empty.

Dungeon Overview and Level Annotations

Branches:
Dungeon (11/15)            Temple (1/1) D:4            Lair (5/5) D:9
 Shoals (0/4) Lair:3       Spider (0/4) Lair:3        Slime (0/5) Lair:5
    Orc (2/2) D:9             Elf (0/3) Orc:2         Sewer (visited)

Altars:
Ashenzari
Cheibriados
Dithmenos
Elyvilon
Fedhas
Gozag
Hepliaklqana
Makhleb
Nemelex Xobeh
Okawaru
Qazlal
Ru
Trog
Uskayaw
Wu Jian
Xom
Yredelemnul
Zin
The Shining One

Shops:
D:1 [   D:5 (   D:7 (   D:9 (   Orc:2 =

Annotations:
D:3 1 runed translucent door, Crazy Yiuf
D:8 exclusion: downstairs
D:9 exclusion: downstairs
Lair:1 2 transporters, porpoise's ghost, journeyman TrCK
Lair:2 3 runed translucent doors, billz999's ghost, journeyman TrMo
Lair:4 exclusion: oklob plant


Innate Abilities, Weirdness & Mutations

You are immune to sickness and miasma.
You are immune to poison.
Your flesh is very heat resistant. (rF++)
You are vulnerable to cold. (rC-)
You float through the air rather than walking.
You learn spells naturally, not from books.
Your magical power is your life essence.
You have superior vitality. (+4 MHP)


Message History

The concussive blast engulfs the two-headed ogre!!
You kill the two-headed ogre!
The concussive blast engulfs you. You resist.
You are knocked back by the blast.
You hear a shout!
Unknown command.
The two-headed ogre attacks as you move away!
The two-headed ogre hits you with a +0 giant club!
The two-headed ogre closely misses you.
The two-headed ogre attacks as you move away!
You block the two-headed ogre's attack. x2
You block the two-headed ogre's attack. x2
Casting: Kindle Blastsparks (safe; 0% risk of failure)
Confirm with . or Enter, or press ? or * to list all spells.
A cloud of volatile blastsparks flares up around you!
The two-headed ogre hits you but does no damage.
You block the two-headed ogre's attack.
The two-headed ogre attacks as you move away!
The two-headed ogre hits you with a +0 giant spiked club!!
* * * LOW HITPOINT WARNING * * *
You block the two-headed ogre's attack.
The cloud of blastsparks explodes!
The concussive blast engulfs the two-headed ogre!!
The two-headed ogre is heavily wounded.
The concussive blast engulfs the two-headed ogre!!
The two-headed ogre is moderately wounded.
The concussive blast engulfs you. You resist.
* * * LOW HITPOINT WARNING * * *
The two-headed ogre is knocked back by the blast.
You are knocked back by the blast.
The two-headed ogre hits you with a +0 giant club.
* * * LOW HITPOINT WARNING * * *
The two-headed ogre barely misses you.
The two-headed ogre attacks as you move away!
The two-headed ogre hits you with a +0 giant club!
* * * LOW HITPOINT WARNING * * *
You block the two-headed ogre's attack.
The two-headed ogre attacks as you move away!
The two-headed ogre closely misses you. x2
The two-headed ogre hits you with a +0 giant club!
You die...

##########.#...#.##
##.##.##.#...#...##.
#............##..#..
##.##.##......#.....
######.#..#.#...#.. ###
#.......#......
##.#####.............#
#...#.#........#......
##...@................
##.#O#...............
####.O..#...........
#O....#.....#.... #
#..........#..... .#######
#######O#............. ..#.##.##
##.##.#.##.........#...
........###..T................#..
..#.#...#....C.C#.##.#.....#.##..


You could see a two-headed ogre (fast), an ogre mage and an ogre.

Vanquished Creatures
  5 hydras
  A boulder beetle (D:8)
  2 two-headed ogres
  7 death yaks
  A lindwurm (Lair:3)
  A deep elf pyromancer (D:6)
  2 orc knights
  2 orc sorcerers (Orc:1)
  A cyclops (D:10)
  6 elephants (Lair:3)
  2 black mambas
  2 torpor snails
  13 cane toads
  A kobold demonologist (D:10)
  5 komodo dragons
  A rime drake (Lair:5)
  A hornet (D:9)
  A polar bear (Lair:1)
  2 slime creatures (Lair:5)
  6 trolls
  2 tyrant leeches (Lair:5)
  14 blink frogs
  42 yaks
  2 shadows (D:10)
  A vampire (D:10)
  3 wraiths
  5 wyverns
  A basilisk (Lair:3)
  2 steam dragons
  Edmund (D:6)
  2 vampire mosquitoes (Lair:5)
  A warg (Orc:2)
  2 acid dragons
  2 water moccasins
  Duvessa (D:7)
  An ice beast (D:7)
  12 orc warriors
  3 sky beasts
  A black bear (D:5)
  7 ogres
  5 centaurs
  A phantom (D:5)
  5 kobold brigands
  4 necrophages
  10 bullfrogs
  2 gnoll sergeants
  2 scorpions (D:4)
  5 wights
  Dowan (D:7)
  9 killer bees (D:9)
  2 electric eels (Lair:5)
  4 howler monkeys
  7 hounds
  10 orc priests
  3 gnoll boudas
  4 jellies
  Terence (D:3)
  An iguana (D:5)
  17 orc wizards
  Natasha (D:2)
  Robin (D:3)
  21 gnolls
  13 adders
  3 river rats (Sewer)
  3 white imps
  An ufetubus (D:5)
  A worm (D:3)
  2 dart slugs (D:1)
  34 orcs
  2 endoplasms
  3 giant cockroaches
  39 goblins
  35 hobgoblins
  4 jackals (D:2)
  31 kobolds
  3 quokkas
  10 ball pythons
  3 bats
  5 frilled lizards
  19 rats
494 creatures vanquished.

Vanquished Creatures (collateral kills)
  A hydra (Lair:2)
  A two-headed ogre (D:11)
  A death yak (Lair:3)
  An orc sorcerer (Orc:2)
  3 elephants (Lair:3)
  2 black mambas
  4 cane toads
  A komodo dragon (Lair:2)
  A polar bear (Lair:2)
  2 trolls (Orc:2)
  A tyrant leech (Lair:5)
  10 blink frogs
  A jumping spider (Lair:3)
  A basilisk (Lair:2)
  5 yaks
  2 wyverns
  3 vampire mosquitoes (Lair:5)
  A warg (Orc:2)
  An acid dragon (D:11)
  6 water moccasins
  2 orc warriors (Orc:2)
  An ogre (Orc:2)
  7 bullfrogs
  A jelly (Lair:5)
  3 orc wizards
  4 orcs
  15 foxfires
81 creatures vanquished.

Vanquished Creatures (others)
  1170 foxfires
  25 fungi
  93 plants
1288 creatures vanquished.

Grand Total: 1863 creatures vanquished

Notes
Turn   | Place    | Note
-------+----------+-------------------------------------------
     0 | D:1      | jimonade the Djinni Fire Elementalist began the quest for
                  | the Orb.
     0 | D:1      | jimonade set off with the following spells memorised:
                  | Foxfire, Scorch, Kindle Blastsparks, Inner Flame, Flame
                  | Wave.
     0 | D:1      | Reached XP level 1. HP: 15/15 MP: 0/0
   248 | D:1      | Reached XP level 2. HP: 20/21 MP: 0/0
   351 | D:1      | Found Qid Jaumpe's Antique Armour Boutique.
   389 | D:1      | Reached skill level 3 in Spellcasting
  1081 | D:2      | Reached XP level 3. HP: 24/25 MP: 0/0
  1081 | D:2      | Learned a level 1 spell: Freeze
  1208 | D:2      | Found a blossoming altar of Fedhas.
  1445 | D:2      | Noticed Natasha
  1450 | D:2      | Killed Natasha
  1451 | D:2      | Reached XP level 4. HP: 26/31 MP: 0/0
  2104 | D:3      | Noticed Robin
  2250 | D:3      | Noticed Terence
  2260 | D:3      | Killed Terence
  2261 | D:3      | Reached skill level 4 in Spellcasting
  2261 | D:3      | Reached XP level 5. HP: 28/35 MP: 0/0
  2261 | D:3      | Learned a level 2 spell: Passwall
  2268 | D:3      | Killed Robin
  2600 | D:3      | Found a runed translucent door.
  2601 | D:3      | Noticed Crazy Yiuf
  3271 | D:4      | Noticed an ogre
  3278 | D:4      | Killed an ogre
  3279 | D:4      | Reached skill level 5 in Spellcasting
  3279 | D:4      | Reached XP level 6. HP: 35/40 MP: 0/0
  3415 | D:4      | Identified the +2 robe "Yfesoet" {Int+4}
  3650 | D:4      | Reached XP level 7. HP: 39/45 MP: 0/0
  3650 | D:4      | Learned a level 3 spell: Frozen Ramparts
  3658 | D:4      | Reached skill level 6 in Spellcasting
  4020 | D:4      | Found a staircase to the Ecumenical Temple.
  4031 | Temple   | Entered the Ecumenical Temple
  4031 | Temple   | Found a transporter.
  4031 | Temple   | Found a transporter.
  4033 | Temple   | Found a transporter.
  4033 | Temple   | Found a transporter.
  4086 | Temple   | Became a worshipper of Ashenzari the Shackled
  4616 | D:4      | Reached XP level 8. HP: 25/50 MP: 0/0
  4888 | D:4      | Reached skill level 7 in Spellcasting
  5211 | D:5      | Entered Level 5 of the Dungeon
  5422 | D:5      | Found Xutux's Weapon Shop.
  5474 | D:5      | Reached skill level 8 in Spellcasting
  6182 | D:6      | Reached XP level 9. HP: 51/55 MP: 0/0
  6182 | D:6      | Learned a level 4 spell: Summon Lightning Spire
  6257 | D:6      | Found a glowing drain.
  6263 | Sewer    | Entered a sewer
  7083 | D:6      | Reached skill level 9 in Spellcasting
  7258 | D:6      | Noticed a deep elf pyromancer
  7269 | D:6      | Killed a deep elf pyromancer
  7692 | D:6      | Noticed Edmund
  7747 | D:6      | Reached skill level 10 in Spellcasting
  7893 | D:6      | Killed Edmund
  7961 | D:6      | Reached XP level 10. HP: 53/60 MP: 0/0
  7980 | D:6      | Identified the +0 leather armour of the Slightly Bent {rC-
                  | rN+ SInv}
  8063 | D:6      | Paralysed by a hobgoblin for 3 turns
  8272 | D:6      | Reached * piety under Ashenzari
  8292 | D:6      | Found a glowing golden altar of the Shining One.
  8971 | D:7      | Reached skill level 1 in Fighting
  8971 | D:7      | Reached skill level 1 in Armour
  9060 | D:7      | Noticed Dowan
  9062 | D:7      | Noticed Duvessa
  9073 | D:7      | Killed Dowan
  9074 | D:7      | Killed Duvessa
  9075 | D:7      | Reached skill level 11 in Spellcasting
  9229 | D:7      | Reached ** piety under Ashenzari
  9765 | D:7      | Found Hurie's Hydra Hut.
  9765 | D:7      | Noticed an eight-headed hydra
 10293 | D:8      | Noticed a boulder beetle
 10490 | D:8      | Killed a boulder beetle
 11120 | D:8      | Reached XP level 11. HP: 67/75 MP: 0/0
 11120 | D:8      | Learned a level 4 spell: Animate Armour
 11476 | D:9      | Noticed a death yak
 11477 | D:9      | Noticed a death yak
 11498 | D:9      | Killed a death yak
 11499 | D:9      | Reached skill level 12 in Spellcasting
 11824 | D:9      | Noticed a death yak
 11829 | D:9      | Noticed a death yak
 11830 | D:9      | Killed a death yak
 11836 | D:9      | Noticed a death yak
 11837 | D:9      | Killed a death yak
 12186 | D:9      | Found Anwuoxi's Weapon Emporium.
 12343 | D:9      | Found a staircase to the Orcish Mines.
 12343 | D:9      | Noticed a two-headed ogre
 12357 | D:9      | Killed a two-headed ogre
 12494 | D:9      | Found a staircase to the Lair.
 12855 | D:9      | Noticed a death yak
 12888 | D:9      | Killed a death yak
 13017 | D:9      | Killed a death yak
 13023 | D:9      | Killed a death yak
 13029 | D:9      | Reached XP level 12. HP: 33/85 MP: 0/0
 13365 | Lair:1   | Entered Level 1 of the Lair of Beasts
 13376 | Lair:1   | Reached skill level 13 in Spellcasting
 13652 | Lair:1   | Reached skill level 5 in Armour
 13656 | Lair:1   | Reached skill level 5 in Fighting
 13863 | Lair:1   | Found a transporter.
 13864 | Lair:1   | Found a transporter.
 13867 | Lair:1   | Noticed porpoise's ghost (journeyman TrCK)
 13867 | Lair:1   | Identified the ring of Xodimp {rN+ Str+6}
 13869 | Lair:1   | Found the +5 robe of Night {Dark Will+ SInv}
 13882 | Lair:1   | Reached *** piety under Ashenzari
 14466 | Lair:2   | Found a runed translucent gate.
 14467 | Lair:2   | Found a runed translucent gate.
 14469 | Lair:2   | Found a runed translucent gate.
 14470 | Lair:2   | Noticed billz999's ghost (journeyman TrMo)
 14471 | Lair:2   | Noticed a six-headed hydra
 14516 | Lair:2   | Noticed a five-headed hydra
 14559 | Lair:2   | Killed a five-headed hydra
 14560 | Lair:2   | Reached skill level 5 in Dodging
 14651 | Lair:2   | Noticed a seven-headed hydra
 14661 | Lair:2   | Killed a seven-headed hydra
 14850 | Lair:2   | Identified the +6 ring mail of Sin {Int+5}
 15711 | Lair:3   | Noticed an eight-headed hydra
 16155 | Lair:3   | Reached skill level 14 in Spellcasting
 16157 | Lair:3   | Reached XP level 13. HP: 73/93 MP: 0/0
 16157 | Lair:3   | Learned a level 5 spell: Iskenderun's Battlesphere
 16169 | Lair:3   | Killed an eight-headed hydra
 16962 | Lair:3   | Found a staircase to the Shoals.
 17030 | Lair:3   | Found a hole to the Spider Nest.
 17864 | Lair:4   | Noticed an eight-headed hydra
 17870 | Lair:4   | Killed an eight-headed hydra
 18111 | Lair:5   | Entered Level 5 of the Lair of Beasts
 18111 | Lair:5   | Noticed a six-headed hydra
 18117 | Lair:5   | Killed a six-headed hydra
 18603 | Lair:5   | Noticed a six-headed hydra
 18626 | Lair:5   | Killed a six-headed hydra
 18627 | Lair:5   | Reached skill level 15 in Spellcasting
 18933 | Lair:5   | Reached XP level 14. HP: 84/102 MP: 0/0
 19571 | Lair:5   | Found a staircase to the Slime Pits.
 19823 | Lair:5   | Identified the Enchiridion on Kindling
 20454 | D:10     | Entered Level 10 of the Dungeon
 21042 | D:10     | Found a sparkling altar of Nemelex Xobeh.
 21051 | D:10     | Found a sacrificial altar of Ru.
 22674 | D:10     | Reached skill level 16 in Spellcasting
 22950 | D:11     | Reached skill level 1 in Shields
 23092 | D:11     | Identified the ring of Xom's Whimsicality {rC+ rCorr Dex+4}
 23605 | Orc:1    | Entered Level 1 of the Orcish Mines
 23880 | Orc:2    | Entered Level 2 of the Orcish Mines
 24500 | Orc:2    | Found a staircase to the Elven Halls.
 24500 | Orc:2    | Found Naimic's Jewellery Shoppe.
 24507 | Orc:2    | Reached XP level 15. HP: 102/109 MP: 0/0
 24507 | Orc:2    | Learned a level 6 spell: Simulacrum
 24514 | Orc:2    | Noticed a stone giant
 24542 | Orc:2    | HP: 2/109 [two-headed ogre/+0 giant club (14)]
 24545 | Orc:2    | Slain by a two-headed ogre

Illustrated notes

Levels and vault maps discovered:
D:1:      matt_arrival_grand_opening, layout_basic, serial_shops,
          shop_fountains, dreamdust_mushroom_princess, st_stairs_4,
          ebering_dispersal_statue_hall
D:2:      layout_loops_corners, basic_altar, minmay_misc_feat_rugged,
          uniq_natasha
D:3:      layout_loops_ring, uniq_terence, uniq_robin, uniq_crazy_yiuf_cottage
D:4:      minmay_goblin_kobold_castle, layout_basic,
          minmay_temple_entry_slanted, minmay_surrounded
D:5:      layout_loops_ring, serial_shops, shop
D:6:      kennysheep_housing_project, layout_loops_cross, tso_oasis_becter,
          gup_sewer_entry_spiral, guppyfry_early_elven_hall, uniq_edmund
D:7:      layout_layer_cave, doesnt_shop_hydraphobe, uniq_duvessa
D:8:      layout_loops_ring
D:9:      layout_loops_ring, dpeg_lair_monsters, orc_0_dummy, serial_shops, shop
D:10:     minmay_imperfect_grid, layout_rooms, mainiacjoe_overflow_swirl
D:11:     layout_gridville
Temple:   hellmonk_temple_divided_pantheon
Lair:1:   layout_gridlike, gammafunk_ghost_hive
Lair:2:   layout_loops_ring, gammafunk_ghost_split
Lair:3:   layout_loops_ring, shoals_dummy_entry, spider_nest_entry_rubble,
          nicolae_lair_lindhole, serial_bayou_shore_a
Lair:4:   layout_roguey, st_stairs_4, minmay_lair_oklob_items
Lair:5:   minmay_lair_end_frog_pond, layout_regular_city,
          minmay_slime_entry_pillars, st_stairs_8
Orc:1:    layout_diamond_mine
Orc:2:    st_orc_open, layout_caves, kennysheep_orc_sif_temple

Skill      XL: |  1  2  3  4  5  6  7  8  9 10 11 12 13 14 15 |
---------------+----------------------------------------------+-----
Spellcasting   | 3 4 5 6 8 10 11 12 14 15 16 | 16.4
Fighting       | 2 4 6 7 8 |  8.3
Armour         | 3 4 6 7 8 |  8.3
Dodging        | 4 6 7 8 |  8.4
Shields        | 1 2 |  2.2
Stealth        | |  1.5

Action                   |  1- 3 |  4- 6 |  7- 9 | 10-12 | 13-15 || total
-------------------------+-------+-------+-------+-------+-------++-------
Melee: Quarterstaff      |     2 |       |       |       |       ||     2
       Short sword       |       |       |       |     1 |     4 ||     5
 Cast: Foxfire           |    52 |    63 |   219 |   217 |   221 ||   772
       Scorch            |     2 |    24 |    64 |   117 |   175 ||   382
       Inner Flame       |       |     5 |    13 |    55 |    67 ||   140
       Flame Wave        |       |       |     2 |     4 |     6 ||    12
       Kindle Blastspark |       |       |     4 |    21 |    19 ||    44
       Frozen Ramparts   |       |       |     1 |     1 |    13 ||    15
       Summon Lightning  |       |       |       |    15 |    57 ||    72
       Iskenderun's Batt |       |       |       |       |    14 ||    14
Invok: Curse Item        |       |       |     1 |     3 |     1 ||     5
       Shatter the Chain |       |       |       |     1 |     1 ||     2
  Use: Scroll            |       |       |       |       |     3 ||     3
Armor: Robe              |       |     2 |    10 |    20 |       ||    32
       Ring mail         |       |       |       |     5 |    86 ||    91
       Troll leather arm |       |       |       |       |     4 ||     4
Dodge: Dodged            |     4 |     8 |    30 |    45 |   123 ||   210
       Repelled          |       |       |     1 |     1 |     3 ||     5
Block: Kite shield       |       |       |       |       |    11 ||    11

Table legend: (Time is in decaauts)
 A = Elapsed time spent in this place.
 B = Non-inter-level travel time spent in this place.
 C = Inter-level travel time spent in this place.
 D = Time resting spent in this place.
 E = Time spent auto-exploring this place.
 F = Levels seen in this place.
 G = Mean time per level.
                   A        B        C        D        E       F      G
               +--------+--------+--------+--------+--------+-----+--------+
         Total |  24577 |  23100 |   1477 |   3512 |  14164 |  20 | 1228.8 |
       Dungeon |  16037 |  14915 |   1122 |   1785 |   9785 |  11 | 1457.9 |
        Temple |     72 |     28 |     44 |      0 |      6 |   1 |   72.0 |
          Lair |   6821 |   6525 |    296 |   1712 |   3618 |   5 | 1364.2 |
  Orcish Mines |    939 |    925 |     14 |      0 |    390 |   2 |  469.5 |
         Sewer |    706 |    706 |      0 |     15 |    365 |   1 |  706.0 |
               +--------+--------+--------+--------+--------+-----+--------+

Top non-repeatable levels by time:
    D:10: 2198 daAuts
  Lair:2: 1916 daAuts
     D:9: 1903 daAuts
     D:4: 1825 daAuts
     D:7: 1741 daAuts
     D:6: 1731 daAuts
  Lair:4: 1516 daAuts
  Lair:5: 1461 daAuts
     D:8: 1427 daAuts
     D:3: 1334 daAuts
  Lair:3: 1271 daAuts
     D:1: 1077 daAuts
     D:2: 1007 daAuts
     D:5: 966 daAuts
    D:11: 823 daAuts
